 Dungeon Crawl Stone Soup version 0.29-a0-88-g03a7b78be7 (webtiles) character file.

Game seed: 15744334629170219813

1655 lordive the Ruffian (level 8, -3/112 HPs)
             Began as a Troll Warper on Feb 5, 2022.
             Was a Priest of Cheibriados.
             Slain by a gnoll (9 damage)
             ... on level 6 of the Dungeon.
             The game lasted 00:07:56 (5015 turns).

lordive the Ruffian (Troll Warper)                  Turns: 5015, Time: 00:07:57

Health: -3/112     AC:  6    Str: 28    XL:     8   Next: 68%
Magic:  9/9        EV: 12    Int: 19    God:    Cheibriados [***...]
Gold:   177        SH:  0    Dex: 17    Spells: 0/10 levels left

rFire   . . .      SeeInvis .     - Unarmed
rCold   . . .      Faith    .   (no shield)
rNeg    . . .      Spirit   .   a - +0 robe
rPois   .          Reflect  .   (helmet restricted)
rElec   .          Harm     .   w - +1 cloak {Stlth+}
rCorr   .          Rampage  .   (gloves unavailable)
Will    .....                   (boots unavailable)
Stlth   ..........              (no amulet)
HPRegen 1.08/turn               k - ring of wizardry
MPRegen 0.11/turn               (no ring)

@: confused, berserking, lethally poisoned (-3 -> -3), ambrosia-drunk, very slow
A: large, unfitting armour, claws 3, regeneration 1, shaggy fur 1, tough skin 1
a: Renounce Religion, Bend Time, Temporal Distortion


You were on level 6 of the Dungeon.
You worshipped Cheibriados.
Cheibriados was most pleased with you.
You visited 2 branches of the dungeon, and saw 7 of its levels.

You collected 177 gold pieces.

Inventory:

Hand Weapons
 v - the +7 mace of the Sixty-Six Yaks {drain, Str+4}
   (You found it on level 3 of the Dungeon)

   A truly terrible weapon, it drains the life of any living foe it strikes.
   Str:       It affects your strength (+4).
Missiles
 c - 5 boomerangs of dispersal (quivered)
Armour
 a - a +0 robe (worn)
 w - a +1 cloak of stealth (worn)
Jewellery
 k - a ring of wizardry (left claw)
Wands
 m - a wand of flame (21)
 u - a wand of polymorph (7)
Scrolls
 b - a scroll of blinking
 e - 5 scrolls of teleportation {unknown}
 g - 2 scrolls of fear {unknown}
 i - 2 scrolls of fog {unknown}
 j - 3 scrolls of identify {unknown}
 o - 2 scrolls of amnesia {unknown}
 p - a scroll of enchant weapon {unknown}
 q - a scroll of immolation {unknown}
Potions
 f - a potion of berserk rage
 h - a potion of curing {unknown}
 l - a potion of might {unknown}
 n - 2 potions of flight {unknown}
 r - a potion of magic {unknown}
 s - a potion of degeneration {unknown}
 t - 3 potions of invisibility {unknown}


   Skills:
 + Level 3.3 Fighting
 - Level 0.8 Throwing
 + Level 4.6 Dodging
 + Level 0.7 Stealth
 + Level 6.9 Unarmed Combat
 + Level 1.5 Spellcasting
 * Level 4.9 Translocations


You couldn't memorise any spells.
You knew the following spells:

 Your Spells              Type           Power      Damage    Failure   Level
a - Blink                 Tloc           40%        N/A       1%          2
b - Teleport Other        Tloc           20%        N/A       2%          3
c - Manifold Assault      Tloc           20%        N/A       26%         5

Your spell library contained the following spells:

 Spells                   Type           Power      Damage    Failure   Level
 Gell's Gravitas          Tloc           20%        N/A       2%          3
 Lesser Beckoning         Tloc           20%        N/A       2%          3
 Dispersal                Tloc           10%        N/A       77%         6
 Borgnjor's Revivificati  Necr           0%         N/A       100%        8
 Necromutation            Tmut/Necr      0%         N/A       100%        8
 Death's Door             Necr           0%         N/A       100%        9


Dungeon Overview and Level Annotations

Branches:
Dungeon (6/15)             Temple (1/1) D:5

Altars:
Ashenzari
Cheibriados
Dithmenos
Elyvilon
Fedhas
Hepliaklqana
Makhleb
Okawaru
Qazlal
Uskayaw
Vehumet
Wu Jian
Xom


Innate Abilities, Weirdness & Mutations

You are too large for most types of armour.
You have claws for hands.
Your natural rate of healing is unusually fast.
You are covered in fur. (AC +1)
You have tough skin. (AC +1)


Message History

You feel very sick. The gnoll hits you with a +0 whip.
* * * LOW HITPOINT WARNING * * *
The gnoll closely misses you.
You scratch the gnoll.
The gnoll is moderately wounded.
You feel very sick.
A gnoll comes into view. It is wielding a +0 flail.
The gnoll hits you but does no damage. The gnoll barely misses you.
Unknown command.
Okay, then.
The gnoll shouts!
You scratch the gnoll.
The gnoll is severely wounded.
You feel sick. The gnoll closely misses you. x2
You barely miss the gnoll.
The gnoll is severely wounded.
You feel very sick. The gnoll closely misses you. x3
You scratch the gnoll but do no damage.
The gnoll is severely wounded.
You feel sick. The gnoll closely misses you. The gnoll hits you with a +0 whip.
* * * LOW HITPOINT WARNING * * *
Unknown command.
You mangle the gnoll!!
You kill the gnoll!
Cheibriados appreciates the change of pace.
You feel sick. The gnoll misses you. The gnoll hits you with a +0 whip.
* * * LOW HITPOINT WARNING * * *
Unknown command.
It was a potion of ambrosia.
You are confused.
You feel invigorated.
You feel sick. The gnoll misses you. The gnoll hits you with a +0 whip.
* * * LOW HITPOINT WARNING * * *
It was a potion of berserk rage.
A red film seems to cover your vision as you go berserk!
Cheibriados protects you from inadvertent hurry.
You feel mighty!
You feel sick. The gnoll hits you with a +0 flail!
You die...

.........≈≈≈≈≈≈≈≈≈≈ #
#..#....≈≈P≈≈≈.P≈≈
...#..#....≈≈.....≈.≈ #
...##................ ..
###........(../.... ...
#............#... (...
......)†)†...#.### .....
........<......g.#......
......♣....#..).@)......
.....♣≈♣.###....g......#
..♣≈♣♣≈≈P# #........##.#
. ♣≈≈P≈≈≈♣ ##..........
♣≈≈≈≈≈≈≈ .......###..#
♣≈≈≈P≈P≈.......## #.
≈≈≈≈≈P≈≈≈......##
≈≈≈≈≈≈≈≈≈.......
≈≈≈≈≈≈≈♣...


You could see 2 gnolls.

Vanquished Creatures
  Eustachio (D:4)
  A water moccasin (D:6)
  2 necrophages (D:5)
  An ogre (D:6)
  2 phantoms
  Blork the orc (D:4)
  2 bullfrogs
  A scorpion (D:4)
  A gnoll sergeant (D:6)
  An electric eel (D:6)
  A crimson imp (D:4)
  A bullfrog zombie (D:5)
  3 hounds
  Crazy Yiuf (D:3)
  An orc priest (D:5)
  Jessica (D:2)
  Natasha (thrice) (D:3)
  An iguana (D:5)
  2 orc wizards (D:5)
  Robin (D:3)
  7 gnolls
  7 adders
  2 white imps (D:5)
  3 worms
  2 dart slugs
  3 orcs
  7 bats
  4 endoplasms
  3 giant cockroaches
  17 goblins
  14 hobgoblins
  8 jackals (D:1)
  9 kobolds
  2 quokkas (D:5)
  3 ball pythons
  2 frilled lizards
  6 rats
127 creatures vanquished.

Vanquished Creatures (others)
  An adder (D:6)
  2 fungi (D:3)
3 creatures vanquished.

Grand Total: 130 creatures vanquished

Notes
Turn   | Place    | Note
-------+----------+-------------------------------------------
     0 | D:1      | lordive the Troll Warper began the quest for the Orb.
     0 | D:1      | Reached XP level 1. HP: 19/19 MP: 1/1
   103 | D:1      | Found a faded altar of an unknown god.
   128 | D:1      | Reached XP level 2. HP: 26/27 MP: 2/2
   234 | D:4      | Noticed a bullfrog
   241 | D:4      | Killed a bullfrog
   242 | D:4      | Reached XP level 3. HP: 20/35 MP: 2/4
   242 | D:4      | Reached XP level 4. HP: 24/42 MP: 2/5
   304 | D:4      | Noticed Eustachio
   371 | D:4      | Killed Eustachio
   372 | D:4      | Reached skill level 3 in Unarmed Combat
   372 | D:4      | Reached XP level 5. HP: 17/49 MP: 6/6
   541 | D:4      | Reached XP level 6. HP: 53/57 MP: 7/7
  1084 | D:4      | Found a radiant altar of Vehumet.
  1084 | D:4      | Found a burning altar of Makhleb.
  1088 | D:4      | Reached skill level 4 in Unarmed Combat
  1127 | D:4      | Found a hazy altar of Hepliaklqana.
  1157 | D:4      | Found a stormy altar of Qazlal.
  1236 | D:4      | Noticed Blork the orc
  1245 | D:4      | Killed Blork the orc
  1246 | D:4      | Reached XP level 7. HP: 29/66 MP: 8/8
  1552 | D:5      | Entered Level 5 of the Dungeon
  1749 | D:5      | Found a staircase to the Ecumenical Temple.
  1760 | Temple   | Entered the Ecumenical Temple
  2036 | Temple   | Became a worshipper of Cheibriados the Contemplative
  2366 | D:1      | Reached * piety under Cheibriados
  2594 | D:2      | Noticed Jessica
  2601 | D:2      | Killed Jessica
  3562 | D:3      | Reached ** piety under Cheibriados
  3716 | D:3      | Noticed Robin
  3756 | D:3      | Killed Robin
  3757 | D:3      | Reached skill level 5 in Unarmed Combat
  3816 | D:3      | Noticed Natasha
  3824 | D:3      | Killed Natasha
  3922 | D:3      | Noticed Natasha
  4150 | D:3      | Identified the +7 mace of the Sixty-Six Yaks {drain, Str+4}
  4165 | D:3      | Found a runed translucent door.
  4166 | D:3      | Noticed Crazy Yiuf
  4174 | D:3      | Killed Crazy Yiuf
  4295 | D:3      | Killed Natasha
  4295 | D:3      | Reached *** piety under Cheibriados
  4439 | D:3      | Noticed Natasha
  4452 | D:3      | Killed Natasha
  4479 | D:4      | Learned a level 2 spell: Blink
  4483 | D:4      | Learned a level 3 spell: Teleport Other
  4566 | D:5      | Reached XP level 8. HP: 67/74 MP: 9/9
  4572 | D:5      | Learned a level 5 spell: Manifold Assault
  4810 | D:5      | Reached skill level 6 in Unarmed Combat
  5013 | D:6      | HP: 3/75 [gnoll (4)]
  5015 | D:6      | Slain by a gnoll

Illustrated notes

Levels and vault maps discovered:
D:1:      dpeg_arrival_rooms_c, layout_loops_ring,
          ebering_ecumenical_altar_petrified
D:2:      layout_basic, uniq_jessica
D:3:      kennysheep_six_static_rooms, layout_loops_ring, uniq_natasha,
          uniq_crazy_yiuf_cottage, uniq_robin
D:4:      layout_layer_cave, grunt_temple_overflow_lords_of_destruction,
          mainiacjoe_overflow_two_lobes, uniq_eustachio, uniq_blork_the_orc
D:5:      cheibrodos_quashed, layout_basic, minmay_temple_entry_tees, hex_large,
          kennysheep_small_circle
D:6:      layout_cave_pools, chequers_temple_overflow_statue_of_worship,
          serial_bayou, serial_bayou_pond_e, serial_bayou_shore_a,
          serial_bayou_pond_e, serial_bayou_lagoon_b
Temple:   compressed_dpeg_triangle_lava_temple

Skill      XL: |  1  2  3  4  5  6  7  8 |
---------------+-------------------------+-----
Dodging        | 2 3 4 |  4.6
Translocations | 3 4 |  4.9
Fighting       | 2 3 |  3.3
Unarmed Combat | 3 4 5 6 |  6.9
Throwing       | |  0.8
Stealth        | |  0.7
Spellcasting   | |  1.5

Action                   |  1- 3 |  4- 6 |  7- 9 || total
-------------------------+-------+-------+-------++-------
Melee: Unarmed           |    28 |   118 |   295 ||   441
       Punch             |       |     1 |     9 ||    10
  Use: Potion            |       |       |     2 ||     2
 Stab: Sleeping          |       |       |     3 ||     3
Armor: Robe              |     6 |    66 |   118 ||   190
Dodge: Dodged            |    16 |    75 |   184 ||   275

Table legend: (Time is in decaauts)
 A = Elapsed time spent in this place.
 B = Non-inter-level travel time spent in this place.
 C = Inter-level travel time spent in this place.
 D = Time resting spent in this place.
 E = Time spent auto-exploring this place.
 F = Levels seen in this place.
 G = Mean time per level.
                   A        B        C        D        E       F      G
               +--------+--------+--------+--------+--------+-----+--------+
         Total |   6081 |   5329 |    752 |    101 |   4275 |   7 |  868.7 |
       Dungeon |   5791 |   5052 |    739 |    101 |   4021 |   6 |  965.2 |
        Temple |    289 |    276 |     13 |      0 |    254 |   1 |  289.0 |
               +--------+--------+--------+--------+--------+-----+--------+

Top non-repeatable levels by time:
     D:3: 1750 daAuts
     D:4: 1341 daAuts
     D:2: 1036 daAuts
     D:5: 835 daAuts
     D:1: 739 daAuts
  Temple: 289 daAuts
     D:6: 88 daAuts
